AoeStats
← NL__FanTasY__TRD

Arena

510509405Analyzed
4v4 RM · 1d ago on Oct 1, 2026· 47m 42s· 8 players
Game mode
Random Map
Map size
Large (8 player)
Population
200
Speed
Normal
Resources
Standard
Victory
Conquest
Starting age
Dark Age
Ending age
Imperial Age
RankedLock teamsTeams togetherTeam positionsShared explorationLock speedFull tech treeHidden civsTurbo modeCheats
Victory
Defeat
🇹🇼 Hindustanis · Taiwan
1119
+14
🇨🇳 Huns · China
1109
+15
🇨🇦 Spanish · Canada
1076
+16
🇫🇷 Franks · France
1049
+17
🇨🇳 Britons · China
1090
-16
🇺🇸 Cumans · United States
1080
-16
🇹🇼 Slavs · Taiwan
1070
-15
🇹🇼 Persians · Taiwan
1060
-15
墨寞MOMO
11:35 Feudal Age
10:40 Loom
16:51 Castle Age
16:44 Double-Bit Axe
16:41 Horse Collar
17:41 Bow Saw
20:30 Fletching
22:29 Bodkin Arrow
24:55 Gold Mining
25:20 Elite Skirmisher
25:25 Pikeman
28:27 Wheelbarrow
32:37 Imperial Age
30:38 Hand Cart
31:48 Padded Archer Armor
31:59 Forging
31:49 Scale Mail Armor
32:30 Gold Shaft Mining
32:54 Squires
33:53 Heavy Plow
33:26 Halberdier
34:33 Stone Mining
35:19 Chain Mail Armor
35:40 Iron Casting
35:36 Conscription
36:33 Druzhina
37:48 Plate Mail Armor
40:01 Blast Furnace
39:51 Leather Archer Armor
44:34 Two-Man Saw
44:06 Crop Rotation
88888
10:31 Feudal Age
15:49 Castle Age
13:59 Double-Bit Axe
14:27 Loom
14:35 Horse Collar
23:27 Wheelbarrow
23:13 Stone Mining
23:34 Town Watch
26:29 Forging
26:24 Scale Barding Armor
27:48 Bloodlines
27:39 Husbandry
28:49 Hand Cart
30:41 Town Patrol
30:36 Gold Mining
31:23 Stone Shaft Mining
31:05 Murder Holes
31:30 Ballistics
31:22 Masonry
34:25 Imperial Age
32:19 Heavy Plow
32:31 Bow Saw
33:38 Gold Shaft Mining
33:46 Husbandry
34:23 Iron Casting
33:53 Scale Barding Armor
35:03 Fletching
36:00 Crop Rotation
36:33 Two-Man Saw
35:17 Elite War Elephant
36:45 Conscription
38:52 Chain Barding Armor
39:33 Blast Furnace
38:28 Bodkin Arrow
38:57 Devotion
40:53 Plate Barding Armor
NL__FanTasY__TRD
7:44 Loom
10:02 Feudal Age
11:26 Wheelbarrow
14:10 Double-Bit Axe
22:41 Castle Age
21:36 Bloodlines
21:40 Forging
21:48 Scale Barding Armor
22:51 Gold Mining
22:53 Stone Mining
22:53 Horse Collar
22:51 Light Cavalry
24:03 Hand Cart
25:59 Iron Casting
28:06 Heavy Plow
28:58 Chain Barding Armor
30:47 Steppe Husbandry
34:07 Imperial Age
35:59 Blast Furnace
35:34 Plate Barding Armor
34:22 Hussar
11Class
10:08 Feudal Age
8:24 Loom
11:33 Horse Collar
12:52 Loom
17:24 Castle Age
16:45 Fletching
16:56 Double-Bit Axe
17:30 Stone Mining
20:20 Bodkin Arrow
22:13 Gold Mining
23:27 Padded Archer Armor
26:40 Ballistics
28:13 Wheelbarrow
27:37 Town Watch
28:45 Yeomen
29:05 Padded Archer Armor
29:51 Forging
30:27 Hand Cart
31:52 Murder Holes
32:02 Town Patrol
32:56 Bow Saw
37:26 Imperial Age
0420David
10:52 Feudal Age
14:32 Castle Age
12:51 Gold Mining
12:44 Horse Collar
12:54 Double-Bit Axe
12:50 Horse Collar
16:25 Bow Saw
16:46 Heavy Plow
20:06 Wheelbarrow
23:06 Hand Cart
23:53 Gold Mining
26:17 Gold Shaft Mining
25:32 Stone Mining
26:54 Town Watch
26:55 Loom
30:19 Imperial Age
28:20 Town Patrol
29:39 Forging
29:34 Scale Barding Armor
29:31 Husbandry
29:42 Bloodlines
31:09 Stone Shaft Mining
31:12 Iron Casting
30:31 Heavy Camel Rider
32:18 Two-Man Saw
33:34 Blast Furnace
32:54 Chain Barding Armor
32:56 Conscription
32:10 Siege Elephant
33:27 Grand Trunk Road
32:59 Imperial Camel Rider
33:07 Imperial Camel Rider
35:42 Chemistry
35:02 Ballistics
34:48 Siege Engineers
35:50 Plate Barding Armor
40:58 Caravan
212727567
1:06 Loom
10:44 Feudal Age
13:53 Horse Collar
16:34 Castle Age
14:53 Double-Bit Axe
15:38 Gold Mining
16:26 Forging
16:39 Stone Mining
23:38 Iron Casting
25:16 Bloodlines
26:03 Husbandry
26:59 Scale Barding Armor
26:44 Town Watch
28:37 Marauders
30:21 Wheelbarrow
33:24 Gold Shaft Mining
32:53 Heavy Plow
33:05 Bow Saw
37:05 Imperial Age
34:51 Hand Cart
36:03 Chain Barding Armor
37:06 Elite Tarkan
38:49 Conscription
39:10 Plate Barding Armor
40:26 Blast Furnace
41:50 Light Cavalry
gombert.alexandre
1:16 Loom
12:21 Feudal Age
12:49 Double-Bit Axe
18:45 Castle Age
18:08 Scale Barding Armor
21:41 Bow Saw
22:24 Forging
22:10 Stone Mining
25:50 Wheelbarrow
26:45 Gold Mining
27:26 Husbandry
29:40 Chain Barding Armor
31:47 Gold Shaft Mining
32:47 Iron Casting
35:14 Hand Cart
35:18 Light Cavalry
35:50 Fletching
39:53 Imperial Age
40:03 Cavalier
41:50 Blast Furnace
42:09 Paladin
Lazyzz
10:02 Feudal Age
14:32 Castle Age
12:51 Double-Bit Axe
12:55 Horse Collar
16:25 Bow Saw
25:37 Heavy Plow
25:47 Gold Mining
27:01 Wheelbarrow
31:44 Imperial Age
29:41 Hand Cart
29:12 Loom
29:13 Town Watch
30:29 Forging
30:20 Scale Mail Armor
30:50 Stone Mining
30:48 Pikeman
31:29 Squires
31:15 Arson
32:08 Iron Casting
32:50 Conscription
31:57 Halberdier
34:24 Chemistry
33:35 Fortified Wall
34:34 Two-Man Saw
34:15 Scale Barding Armor
35:12 Blast Furnace
33:36 Cavalier
34:26 Bloodlines
35:43 Chain Mail Armor
35:40 Murder Holes
36:43 Husbandry
43:13 Ballistics
42:46 Fletching
42:57 Padded Archer Armor
44:16 Bodkin Arrow
44:57 Plate Mail Armor
46:12 Chain Barding Armor
45:53 Bracer
Connection lost

Rejoining the realm…

Still unreachable

The connection could not be restored.

Session expired

The server has moved on; the page needs a fresh start.